 Dungeon Crawl Stone Soup version 0.31-a0-435-g2c6fae2916 (webtiles) character file.

Game seed: 1374682925344146721

39 Arzdou the Ruffian (level 3, -2/27 HPs)
             Began as a Demonspawn Shapeshifter on Aug 1, 2023.
             Slain by an adder (4 damage)
             ... on level 2 of the Dungeon.
             The game lasted 00:01:08 (573 turns).

Arzdou the Ruffian (Demonspawn Shapeshifter)         Turns: 573, Time: 00:01:09

Health: -2/27      AC:  2    Str: 17    XL:     3   Next: 26%
Magic:  3/3        EV: 12    Int:  9    God:
Gold:   43         SH:  0    Dex: 13    Spells: 2/2 levels left

rFire   . .          .
                       - Unarmed
rCold   . . .        (no shield)
rNeg    . . .        a - +0 animal skin
rPois   .            (helmet currently unavailable)
rElec   .            (cloak currently unavailable)
rCorr   .            (gloves currently unavailable)
SInv    .            (boots currently unavailable)
Will    .....        (no amulet)
Stlth   +            (no ring)
HPRegen 0.24/turn    (no ring)
MPRegen 0.08/turn

%: no passive effects
@: lethally poisoned (-2 -> -7), beast-form
A: beast (slay +2), horns 1
a: Begin Untransformation


You were on level 2 of the Dungeon.
You were a hulking beast.
You visited 1 branch of the dungeon, and saw 2 of its levels.

You collected 43 gold pieces.

Inventory:

Armour
 a - a +0 animal skin (worn)
Talismans
 c - a beast talisman (active)
Scrolls
 e - a scroll of fear {unknown}
 g - 4 scrolls of poison {unknown}
 h - a scroll of fog {unknown}
 i - a scroll of enchant weapon {unknown}
 k - a scroll of identify {unknown}
 m - a scroll of teleportation {unknown}
Potions
 b - a potion of lignification
 d - 2 potions of curing {unknown}
 f - a potion of resistance {unknown}
 j - a potion of haste {unknown}
 l - a potion of degeneration {unknown}


   Skills:
 - Level 1.6 Fighting
 - Level 2.2 Dodging
 + Level 3.1 Unarmed Combat
 + Level 3.0 Shapeshifting


You had 2 spell levels left.
You didn't know any spells.
Your spell library was empty.

Dungeon Overview and Level Annotations

Branches:
Dungeon (2/15)

Altars:


Innate Abilities, Weirdness & Mutations

You are a hulking beast.
Your limbs bulge with bestial killing power. (Slay +2)
You have a pair of small horns on your head.


Message History

You feel sick. The adder bites you.
You are more poisoned.
The adder poisons you! The adder misses you.
You hit the adder.
The adder is severely wounded.
You feel sick. The adder bites you.
You are more poisoned.
The adder poisons you!
You miss the adder.
The adder is severely wounded.
You feel very sick. The adder closely misses you.
You are too injured to fight recklessly!
You are too injured to fight recklessly!
You are too injured to fight recklessly!
You are too injured to fight recklessly!
You are too injured to fight recklessly!
You are too injured to fight recklessly!
You are too injured to fight recklessly!
You are too injured to fight recklessly!
You are too injured to fight recklessly!
You are too injured to fight recklessly!
You are too injured to fight recklessly!
You are too injured to fight recklessly!
You are too injured to fight recklessly!
You hit the adder.
The adder is almost dead.
You feel sick. The adder bites you.
* * * LOW HITPOINT WARNING * * *
You completely miss the adder.
The adder is almost dead.
* * * LOW HITPOINT WARNING * * *
You feel sick. The adder bites you.
* * * LOW HITPOINT WARNING * * *
The adder closely misses you.
You barely miss the adder.
The adder is almost dead.
* * * LOW HITPOINT WARNING * * *
You feel sick. The adder bites you.
You die...

......#...)†.......
......#).....######
.............#
#####.######.#
........# #.#
######..####.#
......#....#.#####
.####.#.##.......#
.# #.#.####.###h#
.# #.#.# #.#..S...#
.# #.#.#
#.#.......... .#
#.#.# #.#.....###..
.# #.#.# ........#
.# #.# ........#
.####.# ........#
...<# ....######
#####


You could see an adder.

Vanquished Creatures
  2 dart slugs
  An orc (D:2)
  3 endoplasms (D:1)
  2 giant cockroaches (D:1)
  4 hobgoblins
  4 jackals (D:1)
  2 quokkas (D:1)
  4 bats
  A frilled lizard (D:1)
  3 goblins
  A kobold (D:1)
  3 rats
30 creatures vanquished.

Notes
Turn   | Place    | Note
-------+----------+-------------------------------------------
     0 | D:1      | Arzdou the Demonspawn Shapeshifter began the quest for the
                  | Orb.
     0 | D:1      | Reached XP level 1. HP: 15/15 MP: 1/1
   207 | D:1      | Gained mutation: You have a pair of small horns on your
                  | head. [demonic ancestry]
   207 | D:1      | Reached XP level 2. HP: 20/21 MP: 2/2
   466 | D:1      | Reached XP level 3. HP: 26/26 MP: 3/3
   573 | D:2      | Slain by an adder

Illustrated notes

Levels and vault maps discovered:
D:1:      amcnicky_arrival_abandoned_market, layout_rooms
D:2:      layout_basic, shapermc_ecumenical_altar_starsandcircs, basic_altar

Skill      XL: |  1  2  3 |
---------------+----------+-----
Dodging        | 2 |  2.2
Unarmed Combat | 3 |  3.1
Shapeshifting  | 3 |  3.0
Fighting       | |  1.6

Action                     || total
---------------------------++-------
  Melee: Unarmed           ||    70
         Headbutt          ||     8
         Punch             ||     2
 Armour: Animal skin       ||    12
  Dodge: Dodged            ||    37

Table legend: (Time is in decaauts)
 A = Elapsed time spent in this place.
 B = Non-inter-level travel time spent in this place.
 C = Inter-level travel time spent in this place.
 D = Time resting spent in this place.
 E = Time spent auto-exploring this place.
 F = Levels seen in this place.
 G = Mean time per level.
                   A        B        C        D        E       F      G
               +--------+--------+--------+--------+--------+-----+--------+
         Total |    569 |    545 |     24 |      0 |    389 |   2 |  284.5 |
       Dungeon |    569 |    545 |     24 |      0 |    389 |   2 |  284.5 |
               +--------+--------+--------+--------+--------+-----+--------+

Top non-repeatable levels by time:
     D:1: 489 daAuts
     D:2: 79 daAuts
